 Dungeon Crawl Stone Soup version 0.27.1-2-g3b301248ec (webtiles) character file.

Game seed: 9765251695503532503

4193 Borgoz the Grappler (level 10, -3/90 HPs)
             Began as a Ghoul Monk on Sept 28, 2021.
             Was a Priest of Okawaru.
             Slain by a deep troll (12 damage)
             ... on level 9 of the Dungeon.
             The game lasted 00:12:58 (11368 turns).

Borgoz the Grappler (Ghoul Monk)                   Turns: 11368, Time: 00:12:58

Health: -3/90      AC: 13    Str: 16    XL:     10   Next: 29%
Magic:  0/10       EV: 15    Int:  5    God:    Okawaru [***...]
Gold:   1168       SH:  0    Dex: 20    Spells: 9/9 levels left

rFire    + . .     SeeInvis .     - Unarmed
rCold    + . .     Faith    .   (no shield)
rNeg     + + +     Spirit   +   b - +4 ring mail of Magic {Rampage}
rPois    ∞         Reflect  .   (no helmet)
rElec    .         Harm     .   l - +2 cloak
rCorr    .         Rampage  +   (no gloves)
Will     .....                  (no boots)
Stlth    ++........             d - amulet of guardian spirit
HPRegen  0.00/turn              h - ring of protection from fire
MPRegen  0.12/turn              v - +6 ring of dexterity

@: very slightly contaminated, inhibited regen, invisible
A: claws 1, cold resistance 1, negative energy resistance 3, inhibited
regeneration, torment resistance 2
a: Renounce Religion, Heroism


You were on level 9 of the Dungeon.
You worshipped Okawaru.
Okawaru was most pleased with you.
You visited 2 branches of the dungeon, and saw 10 of its levels.

You collected 1329 gold pieces.
You spent 161 gold pieces at shops.

Inventory:

Armour
 b - the +4 ring mail of Magic (worn) {Rampage}
   (You found it on level 5 of the Dungeon)

   Rampage:   It bestows one free step when moving towards enemies.
 k - a +1 scale mail of fire resistance
 l - a +2 cloak (worn)
Jewellery
 c - a ring of resist corrosion
 d - an amulet of guardian spirit (around neck)
 h - a ring of protection from fire (left claw)
 j - an amulet of the acrobat
 r - a ring of see invisible
 v - a +6 ring of dexterity (right claw)
Wands
 a - a wand of mindburst (27)
 e - a wand of iceblast (11)
 i - a wand of flame (34)
Scrolls
 g - 2 scrolls of fog
 t - 2 scrolls of enchant armour
 u - a scroll of enchant weapon
Potions
 f - 3 potions of flight
 m - 2 potions of brilliance
 n - a potion of haste
 o - a potion of heal wounds
 p - a potion of might


   Skills:
 * Level 8.5 Fighting
 * Level 6.4 Armour
 * Level 7.1 Dodging
 - Level 2.2 Stealth
 * Level 8.5 Unarmed Combat
 + Level 2.1 Invocations
 + Level 1.7 Evocations


You had 9 spell levels left.
You didn't know any spells.
Your spell library contained the following spells:

 Spells                   Type           Power      Damage    Failure   Level
 Magic Dart               Conj           0%         1d3       67%         1
 Call Imp                 Summ           0%         N/A       80%         2
 Gell's Gravitas          Tloc           0%         N/A       95%         3
 Lesser Beckoning         Tloc           0%         N/A       95%         3
 Mephitic Cloud           Conj/Pois/Air  0%         N/A       95%         3
 Summon Guardian Golem    Hex/Summ       0%         N/A       95%         3
 Teleport Other           Tloc           0%         N/A       95%         3
 Fulminant Prism          Conj/Hex       0%         3d6       100%        4
 Iskenderun's Mystic Bla  Conj/Tloc      0%         2d3       100%        4
 Passage of Golubria      Tloc           N/A        N/A       100%        4
 Lee's Rapid Deconstruct  Erth           0%         3d5*      100%        5
 Silence                  Hex/Air        0%         N/A       100%        5
 Orb of Destruction       Conj           0%         N/A       100%        7
 Spellforged Servitor     Conj/Summ      0%         N/A       100%        7
 Lehudib's Crystal Spear  Conj/Erth      0%         10d2      100%        8


Dungeon Overview and Level Annotations

Branches:
Dungeon (9/15)             Temple (1/1) D:6
   Lair: D:8-11         Orc: D:9-12

Altars:
Ashenzari
Cheibriados
Dithmenos
Elyvilon
Fedhas
Gozag
Hepliaklqana
Kikubaaqudgha
Makhleb
Nemelex Xobeh
Okawaru
Qazlal
Ru
Sif Muna
Trog
Uskayaw
Vehumet
Wu Jian
Xom
Yredelemnul
The Shining One

Shops:
D:3 ?   D:5 *   D:7 *

Portals:
Bailey: D:9

Annotations:
D:8 1 runed translucent door


Innate Abilities, Weirdness & Mutations

You thrive by killing the living.
You are immune to poison.
You have sharp fingernails.
Your flesh is cold resistant. (rC+)
You are immune to negative energy. (rN+++)
You do not regenerate when monsters are visible.
You are immune to unholy pain and torment.


Message History

You barely miss the deep troll. Your claw misses the deep troll.
The deep troll bites you! The deep troll closely misses you.
The deep troll completely misses you.
You scratch the deep troll but do no damage.
You scratch the deep troll but do no damage.
The deep troll bites you! The deep troll barely misses you.
The deep troll claws you!
* * * LOW HITPOINT WARNING * * *
You scratch the deep troll.
The deep troll is lightly wounded.
The deep troll bites you.
* * * LOW HITPOINT WARNING * * *
The deep troll misses you. The deep troll claws you.
You feel much better. The deep troll misses you. x2
The deep troll claws you but does no damage.
You fade into invisibility!
The deep troll bites you but does no damage.
The deep troll claws you but does no damage. x2
You are very lightly contaminated with residual magic.
You claw the deep troll!
The deep troll is moderately wounded.
You claw the deep troll!
The deep troll is moderately wounded.
The deep troll bites you!
The deep troll claws you but does no damage.
The deep troll claws you.
You claw the deep troll! Your claw misses the deep troll.
The deep troll is heavily wounded.
You feel like a meek peon again. The deep troll bites you.
The deep troll claws you.
* * * LOW HITPOINT WARNING * * *
The deep troll completely misses you.
You barely miss the deep troll. Your claw misses the deep troll.
The deep troll is heavily wounded.
The deep troll bites you!
* * * LOW HITPOINT WARNING * * *
The deep troll claws you.
* * * LOW HITPOINT WARNING * * *
The deep troll claws you!
You die...

.............##.....,,,##*,,***
.......#...........###...,,,,*
.......#.#...........#...,*,,*
.......####>...##.$.....#*****
.......##......#.........***
...,,...#................,,*
...,,.........#..........***
...,,####....##.....#....*
....,,*##....###@####,..#*
....####......##T#**,,**#
.............##...#*,,*
..#,#.......##...?.#*,*
..###...###.#.......#**
....#...##..#.......#
#...##..###.#.......#
.#...##.##..#.......#
##.......#..#.......#


You could see a deep troll.

Vanquished Creatures
  A deep troll (D:9)
  Pikel (D:4)
  A komodo dragon (D:8)
  Sigmund (D:6)
  Eustachio (D:6)
  Menkaure (D:7)
  A water moccasin (D:7)
  An ice beast (D:6)
  An orc warrior (D:6)
  2 sky beasts
  A necrophage (D:6)
  A lemure (D:4)
  An ogre (D:6)
  5 bullfrogs
  A gnoll sergeant (D:8)
  A kobold brigand (D:8)
  A wyvern zombie (D:8)
  A water moccasin zombie (D:7)
  3 scorpions
  5 wights
  6 howler monkeys
  2 centaur zombies
  A bullfrog zombie (D:5)
  3 orc priests
  A centaur skeleton (D:4)
  2 hounds (D:6)
  A bullfrog skeleton (D:6)
  2 iguanas
  3 orc wizards
  3 howler monkey zombies
  7 gnolls
  7 adders
  2 shadow imps
  An ufetubus (D:6)
  A worm (D:2)
  3 dart slugs
  24 orcs
  4 ball pythons
  6 bats
  4 endoplasms
  6 giant cockroaches
  8 goblins
  11 hobgoblins
  11 kobolds
  3 quokkas
  5 frilled lizards
  6 rats
164 creatures vanquished.

Notes
Turn   | Place    | Note
-------+----------+-------------------------------------------
     0 | D:1      | Borgoz the Ghoul Monk began the quest for the Orb.
     0 | D:1      | Reached XP level 1. HP: 19/19 MP: 0/0
   259 | D:1      | Reached XP level 2. HP: 26/26 MP: 1/1
   399 | D:1      | Found a faded altar of an unknown god.
   649 | D:1      | Reached XP level 3. HP: 31/31 MP: 2/2
   962 | D:2      | Reached skill level 1 in Armour
  1829 | D:2      | Reached XP level 4. HP: 30/40 MP: 3/3
  2383 | D:3      | Found Niesat Cergh's Magic Scroll Boutique.
  2774 | D:3      | HP: 1/40 [iguana (7)]
  3129 | D:3      | Reached XP level 5. HP: 27/46 MP: 2/4
  4298 | D:4      | Reached XP level 6. HP: 32/53 MP: 3/5
  4747 | D:4      | Noticed Pikel
  5328 | D:5      | Entered Level 5 of the Dungeon
  5358 | D:4      | HP: 2/53 [lemure[Pikel] (1)]
  5818 | D:4      | Reached skill level 5 in Fighting
  5818 | D:4      | Reached skill level 5 in Unarmed Combat
  5830 | D:5      | Reached XP level 7. HP: 47/61 MP: 4/6
  6090 | D:5      | Found Bykki's Assorted Antiques.
  6157 | D:5      | Identified the +4 ring mail of Magic {Rampage}
  6681 | D:6      | Noticed Sigmund
  6702 | D:6      | Killed Sigmund
  6703 | D:6      | Reached XP level 8. HP: 61/70 MP: 3/7
  6709 | D:6      | Reached skill level 5 in Dodging
  7025 | D:6      | Noticed Eustachio
  7043 | D:6      | Killed Eustachio
  7180 | D:6      | Found a staircase to the Ecumenical Temple.
  7884 | D:7      | Found Wistikk's General Store.
  8125 | D:6      | Reached XP level 9. HP: 68/78 MP: 8/8
  8190 | D:6      | Reached skill level 5 in Armour
  9094 | Temple   | Entered the Ecumenical Temple
  9156 | Temple   | Became a worshipper of Warmaster Okawaru
  9156 | Temple   | Reached * piety under Okawaru
  9156 | Temple   | Reached ** piety under Okawaru
  9341 | D:7      | Noticed Menkaure
  9349 | D:7      | Killed Menkaure
  9867 | D:8      | Noticed a komodo dragon
  9888 | D:8      | Killed a komodo dragon
 10265 | D:8      | Reached skill level 1 in Invocations
 10352 | D:8      | Found a runed translucent door.
 10588 | D:8      | Found a burning altar of Makhleb.
 10588 | D:8      | Noticed a sixfirhy
 10677 | D:5      | Bought an ivory ring for 115 gold pieces
 10677 | D:5      | Bought a scroll labelled KYOJE GENESKA for 23 gold pieces
 10677 | D:5      | Bought a scroll labelled EGHYHEEMAI for 23 gold pieces
 10680 | D:5      | Acquired 949 gold pieces
 10772 | D:4      | Killed Pikel
 10772 | D:4      | Reached *** piety under Okawaru
 10773 | D:4      | Reached skill level 1 in Evocations
 10773 | D:4      | Reached XP level 10. HP: 62/88 MP: 7/10
 11222 | D:9      | Found a flagged portal.
 11345 | D:9      | Noticed a deep troll
 11346 | D:9      | Noticed a deep troll
 11358 | D:9      | Killed a deep troll
 11368 | D:9      | Slain by a deep troll

Illustrated notes

Levels and vault maps discovered:
D:1:      zelgadis_glass_arrival_small, layout_basic,
          shapermc_ecumenical_altar_starsandcircs
D:2:      layout_loops_ring
D:3:      layout_basic, serial_shops, nicolae_shop_crystal
D:4:      layout_basic, uniq_pikel
D:5:      layout_rooms, nicolae_take_the_stairs
D:6:      layout_layer_cave, temple_pool_b, minmay_misc_feat_more_columns,
          uniq_sigmund, uniq_eustachio
D:7:      layout_layer_cave, chequers_serial_rivers_small_3,
          nicolae_stop_n_shop_2, uniq_menkaure
D:8:      layout_cave_pools, nzn_makhleb_speed_demon
D:9:      layout_cave_pools, enter_bailey_5, chequers_serial_rivers_micro_c,
          hellmonk_guarded_unrand_vitality_bloodlust
Temple:   regret_index_temple_chain_breaker

Skill      XL: |  1  2  3  4  5  6  7  8  9 10 |
---------------+-------------------------------+-----
Dodging        | 3 4 5 6 7 |  7.1
Armour         | 1 2 3 4 6 |  6.4
Unarmed Combat | 4 5 6 8 |  8.5
Fighting       | 4 5 6 8 |  8.5
Invocations    | 1 2 |  2.1
Evocations     | 1 |  1.7
Stealth        | |  2.2

Action                   |  1- 3 |  4- 6 |  7- 9 | 10-12 || total
-------------------------+-------+-------+-------+-------++-------
Melee: Unarmed           |   129 |   259 |   371 |    44 ||   803
       Punch             |     3 |     3 |    10 |     2 ||    18
Throw: Throwing net      |       |     1 |       |       ||     1
Invok: Heroism           |       |       |     1 |     1 ||     2
  Use: Scroll            |       |     7 |    12 |     1 ||    20
       Potion            |       |     4 |     1 |     2 ||     7
 Stab: Sleeping          |     3 |     1 |     1 |       ||     5
       Distracted        |     1 |       |       |       ||     1
Armor: Robe              |    22 |    17 |       |       ||    39
       Scale mail        |       |    41 |     9 |       ||    50
       Ring mail         |       |       |   164 |    17 ||   181
Dodge: Dodged            |    96 |   119 |   259 |    41 ||   515
